cohdb
Replays
Latest Replays
All Replays
Popular Replays
Top Player Replays
Match Explorer
How It Works
Community
CoH3 Stats
Reddit
Sign in to upload your games and track your stats! →
Sign in with Steam
Match 42261111
Unlisted
Match 42261111
Overview
Messages
Build Orders
End
Pioneer Squad
Construct Infanterie Kompanie
MG 42 Machine Gun Team
Grenadier Squad
Grenadier Squad
GrW 34 Mortar Team
Construct Panzergrenadier Kompanie
Selects Breakthrough Battlegroup
Selects Assault Grenadiers
Panzergrenadier Squad
Panzergrenadier Squad
Pak 40 Anti-tank Gun Team
Support Elements
StuG III G Assault Gun
Medical Bunker
Selects Rapid Production
Selects Blitzkrieg
StuG III G Assault Gun
Pak 40 Anti-tank Gun Team
Nebelwerfer 42 Rocket Launcher Team
Panzergrenadier Officer Quarters
Selects Tiger Heavy Tank
Tiger Heavy Tank
Pioneer Squad
Pioneer Squad
Nubbl0r
Golden
0
0
Comments
sign in to comment!
No comments posted yet!